 Dungeon Crawl Stone Soup version 0.19-a0-742-g4563caa (console) character file.

788 lauthentik the Covert (level 7, -1/48 HPs)
             Began as a Vampire Enchanter on June 23, 2016.
             Killed by divine providence
             ... invoked by an orc priest
              (10 damage)
             ... on level 4 of the Dungeon.
             The game lasted 00:17:32 (3504 turns).

lauthentik the Covert (Vampire Enchanter)           Turns: 3504, Time: 00:17:33

Health: -1/48      AC:  3    Str:  7    XL:     7   Next: 56%
Magic:  4/13       EV: 13    Int: 20    God:
Gold:   175        SH:  0    Dex: 14    Spells: 3 memorised, 8 levels left

rFire  . . .     SeeInvis +     a - +1 dagger
rCold  + . .     Gourm    .     b - +1 robe
rNeg   + + .     Faith    .     (no shield)
rPois  +         Spirit   .     (no helmet)
rElec  .         Dismiss  .     (no cloak)
rCorr  .         Reflect  .     (no gloves)
SustAt .         Harm     .     (no boots)
MR     .....                    (no amulet)
Stlth  +++++.....               (no ring)
                                (no ring)

@: regenerating slowly, not resistant to hostile enchantments, quite stealthy
A: fangs 3, see invisible, unbreathing
a: Bat Form


You were on level 4 of the Dungeon.
You were very thirsty.

You visited 1 branch of the dungeon, and saw 4 of its levels.

You collected 175 gold pieces.

Inventory:

Hand Weapons
 a - a +1 dagger (weapon)
 r - a +0 short sword
Missiles
 j - 13 poisoned needles
Armour
 b - a +1 robe (worn)
Wands
 n - a wand of iceblast (8/15)
Scrolls
 g - a scroll of identify
 h - 4 scrolls of remove curse
 k - 2 scrolls of teleportation {unknown}
 l - 3 scrolls of random uselessness {unknown}
 m - a scroll of fog {unknown}
Potions
 d - 2 potions of blood
 e - a potion of curing
 f - a potion of might {unknown}
 i - 2 potions of degeneration
 p - 2 potions of cancellation {unknown}
 q - a potion of flight {unknown}
Books
 c - a book of Maledictions

   Spells                             Type                      Level
   a - Corona                         Hexes                        1
   b - Ensorcelled Hibernation        Hexes/Ice                    2
   c - Confuse                        Hexes                        3
   d - Tukima's Dance                 Hexes                        3
   e - Dazzling Spray                 Conjuration/Hexes            3


   Skills:
 + Level 1.3 Fighting
 + Level 1.7 Short Blades
 + Level 3.5 Dodging
 + Level 9.2 Stealth
 + Level 4.1 Spellcasting
 + Level 6.8 Hexes
 + Level 1.2 Ice Magic


You had 8 spell levels left.
You knew the following spells:

 Your Spells              Type           Power        Failure   Level  Hunger
a - Ensorcelled Hibernat  Hex/Ice        ###...       3%          2    #......
b - Corona                Hex            ####...      1%          1    None
c - Confuse               Hex            ####....     2%          3    ###....


Dungeon Overview and Level Annotations

Branches:
Dungeon (4/15)
 Temple: D:4-7

Altars:
Ru


Innate Abilities, Weirdness & Mutations

You heal slowly.
You have razor-sharp teeth.
You have supernaturally acute eyesight. (SInv)
You can survive without breathing.


Message History

s - a +0 dagger (weapon)
Wield which item (- for none, * to show all)? (? for menu, Esc to quit)
a - a +1 dagger (weapon)
Drop what? 19/52 slots (_ for help) (? for menu, Esc to quit)
You drop a -2 dagger.
You drop a +0 dagger.
You are too injured to fight recklessly!
The orc priest shouts!
The orc shouts!
You hear a shout! x2
You see here a short sword.
Casting: Ensorcelled Hibernation
Confirm with . or Enter, or press ? or * to list all spells.
Aiming: Ensorcelled Hibernation
Press: ? - help, Shift-Dir - straight line, f - orc
Aim: an orc, wielding a short sword of electrocution (chance to defeat MR: 83%)
The orc struggles to resist.
The orc shouts!
The orc priest mumbles some strange prayers to Beogh against you.
Beogh smites you!
You die...

. .# .#######.# ##.
#(.......# ≈≈l.##
#........
≈≈....###....... ####
≈≈........o##.# ....#
≈..........#..####....
........oo.@........
..!?.>.......##..#.
#...........†..)#
#..........######
.........###
........)##
.........†########
..#....##........#
.......†...#####.#


You could see an orc priest and 2 orcs.

Vanquished Creatures
  Grinder (D:4)
  An ogre (D:4)
  A centaur (D:4)
  A scorpion (D:4)
  A howler monkey (D:4)
  A hound (D:4)
  A centaur skeleton (D:4)
  2 orc priests
  An orc wizard (D:4)
  A worker ant (D:4)
  A gnoll (D:1)
  6 adders
  An ooze (D:1)
  A worm (D:2)
  3 dart slugs
  2 giant geckos (D:1)
  15 orcs
  8 giant cockroaches
  8 goblins
  8 hobgoblins
  2 jackals (D:4)
  A ball python (D:3)
  5 bats
  2 giant newts
  7 kobolds
  8 rats
89 creatures vanquished.

Notes
Turn   | Place    | Note
--------------------------------------------------------------
     0 | D:1      | lauthentik the Vampire Enchanter began the quest for the Orb.
     0 | D:1      | Reached XP level 1. HP: 13/13 MP: 3/3
    90 | D:1      | Reached XP level 2. HP: 13/19 MP: 5/5
   108 | D:1      | Learned a level 2 spell: Ensorcelled Hibernation
   169 | D:1      | Reached XP level 3. HP: 18/24 MP: 1/6
   277 | D:1      | Reached skill level 5 in Stealth
   803 | D:2      | Reached skill level 5 in Hexes
   878 | D:2      | Reached XP level 4. HP: 21/30 MP: 8/8
  1380 | D:2      | Reached skill level 6 in Stealth
  1910 | D:3      | Reached XP level 5. HP: 36/36 MP: 6/9
  1930 | D:3      | Reached skill level 7 in Stealth
  2171 | D:3      | Found a sacrificial altar of Ru.
  2875 | D:4      | Noticed Grinder
  2882 | D:4      | Noticed a centaur
  2897 | D:3      | Learned a level 3 spell: Confuse
  3273 | D:4      | Killed Grinder
  3273 | D:4      | Reached skill level 1 in Fighting
  3273 | D:4      | Reached skill level 8 in Stealth
  3273 | D:4      | Reached XP level 6. HP: 28/43 MP: 1/11
  3284 | D:4      | Reached XP level 7. HP: 38/48 MP: 2/12
  3383 | D:4      | Reached skill level 1 in Ice Magic
  3415 | D:4      | Reached skill level 9 in Stealth
  3504 | D:4      | Killed from afar by an orc priest

Vault maps used:
D:1:      co_arrival_square_in_a_square_in_a_square,
          wad_floor_pattern_untrapped, minmay_octomino_j4
D:2:      grunt_ministairs_9
D:3:      nicolae_ru_awakened_eye, first_bread, st_stairs_13
D:4:      nicolae_overflow_hidden_temple, serial_shops, nicolae_shop_waterfront,
          uniq_grinder

Skill      XL: |  1  2  3  4  5  6  7 |
---------------+----------------------+-----
Stealth        | 5 6 8 9 |  9.2
Hexes          | 5 6 |  6.8
Spellcasting   | 3 4 |  4.1
Fighting       | 1 |  1.3
Dodging        | 3 |  3.5
Ice Magic      | 1 |  1.2
Short Blades   | |  1.7

Action                   |  1- 3 |  4- 6 |  7- 9 || total
-------------------------+-------+-------+-------++-------
Melee: Dagger            |    84 |   143 |    36 ||   263
       Bite              |     5 |     9 |     1 ||    15
 Cast: Corona            |     4 |       |       ||     4
       Ensorcelled Hiber |    17 |    30 |    10 ||    57
       Confuse           |       |     5 |     1 ||     6
Evoke: Wand              |       |       |     1 ||     1
  Use: Potion            |       |     1 |       ||     1
       Scroll            |       |       |     3 ||     3
 Stab: Sleeping          |    24 |    36 |     8 ||    68
       Confused          |       |     3 |     2 ||     5
Armor: Robe              |    10 |    11 |     8 ||    29
Dodge: Dodged            |    57 |    71 |    36 ||   164
